 Dungeon Crawl Stone Soup version 0.27-a0-906-g0a00ce863d (webtiles) character file.

Game seed: 1581860361819989033

9 Alarkh the Insei (level 2, 22/22 HPs)
             Began as a Demonspawn Gladiator on Apr 6, 2021.
             Got out of the dungeon alive.
             The game lasted 00:00:17 (501 turns).

Alarkh the Insei (Demonspawn Gladiator)              Turns: 501, Time: 00:00:17

Health: 22/22      AC:  3    Str: 14    XL:     2   Next: 3%
Magic:  2/2        EV: 12    Int:  9    God:
Gold:   35         SH:  0    Dex: 14    Spells: 1/1 levels left

rFire    . . .     SeeInvis .     - Unarmed
rCold    . . .     Faith    .   (no shield)
rNeg     . . .     Spirit   .   a - +0 leather armour
rPois    .         Reflect  .   (helmet restricted)
rElec    .         Harm     .   (no cloak)
rCorr    .         Rampage  .   (no gloves)
Will     .....                  (no boots)
Stlth    +.........             (no amulet)
HPRegen  0.07/turn              (no ring)
MPRegen  0.08/turn              (no ring)

@: no status effects
A: antennae 1
a: no special abilities


You escaped.
You visited 1 branch of the dungeon, and saw 1 of its levels.

You collected 35 gold pieces.

Inventory:

Missiles
 c - 3 throwing nets (quivered)
Armour
 a - a +0 leather armour (worn)
 b - a +0 helmet
Scrolls
 d - a scroll of fog {unknown}
 e - a scroll of magic mapping {unknown}
 f - a scroll of blinking {unknown}
 g - a scroll of enchant armour {unknown}


   Skills:
 + Level 2.2 Fighting
 - Level 1.7 Throwing
 - Level 2.6 Dodging
 * Level 3.1 Unarmed Combat


You had one spell level left.
You didn't know any spells.
Your spell library was empty.

Dungeon Overview and Level Annotations

Branches:
Dungeon (1/15)

Altars:


Innate Abilities, Weirdness & Mutations

You have a pair of small antennae on your head.


Message History

No target in view!
g - a scroll labelled SAUTELIUMU You see here a quokka skeleton.
A ball python comes into view.
The ball python hisses angrily.
A ball python is nearby!
The ball python bites you. The ball python closely misses you.
You hit the ball python.
You kill the ball python!
No target in view!
No target in view!
No target in view!
No target in view!
No target in view!
No target in view!
No target in view!
No target in view!
A bat and a ball python come into view.
The ball python hisses angrily.
There are monsters nearby!
There are monsters nearby!
You miss the bat. The bat closely misses you.
You hit the bat.
You kill the bat!
You have reached level 2!
Your demonic ancestry asserts itself...
A pair of antennae grows on your head!
Your +0 helmet falls away!
The ball python bites you but does no damage.
The ball python misses you.
You see here a bat corpse.
You completely miss the ball python. The ball python bites you.
The ball python barely misses you.
You hit the ball python.
You kill the ball python!
No target in view!
There is an open door here.
There is a staircase leading out of the dungeon here.
Are you sure you want to leave the Dungeon?
This will make you lose the game!
You have escaped!

..# #....# #.........#..#.......
..######## ###########..#..#..##
...# #..#.....# .#.# #..##.##.#
.#.# #..##.##.# [#.#
###############..#.....# .#.##
#.'...≈≈≈≈≈...'..####### .#..#
#.##..#####..##......#
.##.#####.#..♣♣P@P♣♣..#.####.####
..........##..♣♣.♣♣..##.# #.....
.†.......##♣.........♣#.# ######
.........# ♣.♣.≈≈≈.♣.♣#.#
####.##### ♣..≈≈8≈≈..♣#.# ...#
♣.♣.≈≈≈.♣.♣#.# ......
♣.........♣#.# ......#
##..♣♣.♣♣..##.######### ......#
#..♣♣P>P♣♣..#.##.......


There were no monsters in sight!

Vanquished Creatures
  An endoplasm (D:1)
  A hobgoblin (D:1)
  A quokka (D:1)
  4 ball pythons (D:1)
  A bat (D:1)
  A kobold (D:1)
9 creatures vanquished.

Notes
Turn   | Place    | Note
-------+----------+-------------------------------------------
     0 | D:1      | Alarkh the Demonspawn Gladiator began the quest for the
                  | Orb.
     0 | D:1      | Reached XP level 1. HP: 16/16 MP: 1/1
   217 | D:1      | Reached skill level 3 in Unarmed Combat
   446 | D:1      | Gained mutation: You have a pair of small antennae on your
                  | head. [demonic ancestry]
   446 | D:1      | Reached XP level 2. HP: 22/22 MP: 2/2
   501 | D:$      | Got out of the dungeon alive.

Illustrated notes

Levels and vault maps discovered:
D:1:      tarquinn_simple_flora_water_b, layout_basic, basic_ecumenical_altar

Skill      XL: |  1 |
---------------+----+-----
Unarmed Combat | 3 |  3.1
Fighting       | |  2.2
Throwing       | |  1.7
Dodging        | |  2.6

Action                   || total
-------------------------++-------
Melee: Unarmed           ||    34
       Punch             ||     2
 Stab: Sleeping          ||     1
Armor: Leather armour    ||     7
Dodge: Dodged            ||    18

Table legend: (Time is in decaauts)
 A = Elapsed time spent in this place.
 B = Non-inter-level travel time spent in this place.
 C = Inter-level travel time spent in this place.
 D = Time resting spent in this place.
 E = Time spent auto-exploring this place.
 F = Levels seen in this place.
 G = Mean time per level.
                   A        B        C        D        E       F      G
               +--------+--------+--------+--------+--------+-----+--------+
         Total |    499 |    448 |     51 |      0 |    387 |   1 |  499.0 |
       Dungeon |    499 |    448 |     51 |      0 |    387 |   1 |  499.0 |
               +--------+--------+--------+--------+--------+-----+--------+

Top non-repeatable levels by time:
     D:1: 499 daAuts
